 Dungeon Crawl Stone Soup version 0.28.0-45-g0d030f2227 (webtiles) character file.

Game seed: 15130757337216616097

5228 Descartes the Grappler (level 10, -10/96 HPs)
             Began as a Troll Delver on Apr 13, 2022.
             Was an Initiate of Gozag.
             Mangled by a nine-headed hydra (11 damage)
             ... on level 9 of the Dungeon.
             The game lasted 00:13:05 (7717 turns).

Descartes the Grappler (Troll Delver)               Turns: 7717, Time: 00:13:08

Health: -10/96     AC:  6    Str: 22    XL:     10   Next: 35%
Magic:  11/11      EV: 11    Int: 10    God:    Gozag
Gold:   450        SH:  0    Dex: 11    Spells: 12/12 levels left

rFire   . . .      SeeInvis .     - Unarmed
rCold   + . .      Faith    .   (no shield)
rNeg    . . .      Spirit   .   P - +2 robe {Will+}
rPois   .          Reflect  +   (helmet restricted)
rElec   .          Harm     .   (no cloak)
rCorr   .          Rampage  .   (gloves unavailable)
Will    +....                   (boots unavailable)
Stlth   +.........              p - amulet of reflection
HPRegen 1.06/turn               i - ring of protection from cold
MPRegen 0.12/turn               (no ring)

@: confused, ambrosia-drunk, gold aura
A: large, unfitting armour, claws 3, regeneration 1, shaggy fur 1, tough skin 1
a: Renounce Religion, Potion Petition, Call Merchant, Bribe Branch


You were on level 9 of the Dungeon.
You worshipped Gozag.
Gozag was aware of your devotion.
You visited 2 branches of the dungeon, and saw 10 of its levels.
You also visited: Sewer and Ossuary.

You collected 639 gold pieces.
You spent 112 gold pieces at shops.
You paid 77 gold pieces to Gozag.

Inventory:

Hand Weapons
 y - a +0 hand crossbow
 D - a +0 dagger of electrocution
 G - a +1 hunting sling of freezing
Missiles
 g - a throwing net
 j - 264 stones (quivered)
 k - 4 large rocks
 q - 4 boomerangs
 v - 3 javelins
 B - 85 bolts
 E - 71 arrows
 I - 39 sling bullets
 O - 4 poisoned darts
Armour
 P - a +2 robe of willpower (worn)
Jewellery
 i - a ring of protection from cold (left claw)
 p - an amulet of reflection (around neck)
Wands
 f - a wand of digging (3)
 K - a wand of acid (9)
 Q - a wand of flame (18)
 R - a wand of iceblast (1)
Scrolls
 a - a scroll of summoning
 b - 4 scrolls of fog
 c - 4 scrolls of magic mapping
 d - 2 scrolls of fear
 l - 5 scrolls of immolation
 n - a scroll of enchant weapon
 s - 2 scrolls of blinking
 u - 5 scrolls of teleportation
 w - 2 scrolls of enchant armour
 C - 2 scrolls of holy word
 J - a scroll of brand weapon
 N - a scroll of amnesia
 S - a scroll of vulnerability {unknown}
Potions
 e - 2 potions of haste
 h - a potion of ambrosia
 m - 3 potions of brilliance {unknown}
 o - a potion of invisibility {unknown}
 r - a potion of degeneration {unknown}
 t - 3 potions of cancellation
 x - 2 potions of attraction {unknown}
 z - a potion of curing {unknown}
 A - 3 potions of resistance
 F - a potion of flight {unknown}
 H - 4 potions of might
 L - 4 potions of heal wounds
 M - 2 potions of lignification


   Skills:
 - Level 5.0 Fighting
 + Level 4.4 Dodging
 + Level 4.1 Stealth
 + Level 9.1 Unarmed Combat
 + Level 1.6 Spellcasting
 + Level 4.4 Translocations
 + Level 4.3 Transmutations
 + Level 1.2 Evocations


You had 12 spell levels left.
You didn't know any spells.
Your spell library contained the following spells:

 Spells                   Type           Power      Damage    Failure   Level
 Apportation              Tloc           18%        N/A       5%          1
 Animate Skeleton         Necr           0%         N/A       32%         1
 Summon Small Mammal      Summ           0%         N/A       32%         1
 Ozocubu's Armour         Ice            0%         N/A       69%         3
 Summon Forest            Summ/Tloc      2%         N/A       98%         5
 Metabolic Englaciation   Hex/Ice        0%         N/A       100%        5
 Eringya's Noxious Bog    Tmut/Pois      2%         N/A       100%        6
 Simulacrum               Ice/Necr       0%         N/A       100%        6
 Summon Hydra             Summ           0%         N/A       100%        7


Dungeon Overview and Level Annotations

Branches:
Dungeon (9/15)             Temple (1/1) D:7           Sewer (visited)
Ossuary (visited)
   Lair: D:8-11         Orc: D:9-12

Altars:
Ashenzari
Cheibriados
Dithmenos
Fedhas
Gozag
Hepliaklqana
Kikubaaqudgha
Makhleb
Nemelex Xobeh
Okawaru
Qazlal
Ru
Sif Muna
Trog
Uskayaw
Vehumet
Wu Jian
Xom
Yredelemnul
Zin
The Shining One

Shops:
D:8 !*


Innate Abilities, Weirdness & Mutations

You are too large for most types of armour.
You have claws for hands.
Your natural rate of healing is unusually fast.
You are covered in fur. (AC +1)
You have tough skin. (AC +1)


Message History

Aim: a nine-headed hydra (moderately wounded, 90% to hit)
The bolt of acid hits the nine-headed hydra!
The acid corrodes the nine-headed hydra!
The nine-headed hydra is heavily wounded.
Something hits you.
A troll comes into view.
The nine-headed hydra bites you but does no damage.
The nine-headed hydra barely misses you.
The nine-headed hydra bites you. x3
The nine-headed hydra completely misses you.
The nine-headed hydra bites you!
* * * LOW HITPOINT WARNING * * *
The nine-headed hydra bites you.
* * * LOW HITPOINT WARNING * * *
The nine-headed hydra closely misses you.
You are confused.
You feel invigorated. Something hits you.
* * * LOW HITPOINT WARNING * * *
The nine-headed hydra bites you.
* * * LOW HITPOINT WARNING * * *
The nine-headed hydra bites you.
* * * LOW HITPOINT WARNING * * *
The nine-headed hydra closely misses you.
The nine-headed hydra bites you.
* * * LOW HITPOINT WARNING * * *
The nine-headed hydra closely misses you.
The nine-headed hydra barely misses you.
The nine-headed hydra bites you.
* * * LOW HITPOINT WARNING * * *
The nine-headed hydra barely misses you.
The nine-headed hydra completely misses you.
You bump into the stone wall.
Something hits you.
* * * LOW HITPOINT WARNING * * *
The nine-headed hydra bites you!
* * * LOW HITPOINT WARNING * * *
The nine-headed hydra bites you.
* * * LOW HITPOINT WARNING * * *
The nine-headed hydra misses you. The nine-headed hydra bites you!
You die...
Your body crumbles into a pile of gold.

## #...... ## .#
#...... .( .#
#.....#####.#### .#
#.....#......... .#
#.....#..## ## .#
#.....#.#.###.# .##
####..#.##.#.# ..#
#.>.....###$## ..#
#.##..#.##.#@#
..###.###.#.#$###D#
..........#.## #T.
..###.##..#.. ..#
..# #.##..### ##
..# #.....# ###
###.[.# # .. $$ #
..


You could see a nine-headed hydra (corroded) and a troll.

Vanquished Creatures
  A troll (D:9)
  A hornet (D:9)
  3 wyverns
  A steam dragon (D:8)
  3 ice beasts
  3 orc warriors (D:8)
  3 necrophages
  A sky beast (D:7)
  2 ogres
  2 centaurs
  2 phantoms
  2 bullfrogs
  3 wyvern zombies (Ossuary)
  3 scorpions
  2 water moccasin zombies (Ossuary)
  A wyvern skeleton (D:6)
  3 water moccasin skeletons
  16 wights
  3 howler monkeys (D:5)
  5 centaur zombies
  A jelly (D:7)
  An orc priest (D:8)
  7 bullfrog zombies (Ossuary)
  A gnoll shaman (D:6)
  6 hounds
  An iguana (D:4)
  10 mummies (Ossuary)
  4 orc wizards
  4 killer bee zombies (Ossuary)
  3 gnolls (D:6)
  6 adders
  A river rat (Sewer)
  3 adder skeletons (D:4)
  A worm (D:2)
  A dart slug (D:1)
  21 orcs
  10 ball pythons
  5 endoplasms
  3 giant cockroaches
  7 goblins
  7 hobgoblins
  4 quokkas
  5 bats
  3 frilled lizards
  18 kobolds
  12 rats
205 creatures vanquished.

Vanquished Creatures (others)
  6 plants
  4 withered plants (Ossuary)
10 creatures vanquished.

Grand Total: 215 creatures vanquished

Notes
Turn   | Place    | Note
-------+----------+-------------------------------------------
     0 | D:5      | Descartes the Troll Delver began the quest for the Orb.
     0 | D:5      | Reached XP level 1. HP: 22/22 MP: 0/0
    21 | D:5      | Noticed a howler monkey
    24 | D:5      | Noticed a hound
    36 | D:5      | Noticed a howler monkey
    37 | D:5      | Killed a hound
    37 | D:5      | Noticed a scorpion
    38 | D:5      | Reached XP level 2. HP: 16/29 MP: 1/1
    41 | D:5      | Killed a howler monkey
    42 | D:5      | Reached XP level 3. HP: 19/36 MP: 2/2
    48 | D:5      | Reached XP level 4. HP: 23/45 MP: 3/3
    55 | D:5      | Killed a scorpion
    56 | D:5      | Reached skill level 3 in Unarmed Combat
    56 | D:5      | Reached XP level 5. HP: 27/53 MP: 4/4
   234 | D:5      | Noticed an ogre
   242 | D:5      | Killed an ogre
   243 | D:5      | Reached XP level 6. HP: 61/61 MP: 5/5
   284 | D:5      | Noticed an ice beast
   296 | D:5      | Killed an ice beast
   302 | D:5      | Reached skill level 4 in Unarmed Combat
   580 | D:4      | Reached XP level 7. HP: 54/70 MP: 6/6
   937 | D:4      | Noticed a wyvern
   942 | D:4      | Killed a wyvern
   943 | D:4      | Reached skill level 5 in Unarmed Combat
  1037 | D:4      | Reached skill level 6 in Unarmed Combat
  1622 | D:3      | Found a glowing drain.
  1631 | Sewer    | Entered a sewer
  1999 | D:3      | Reached XP level 8. HP: 76/78 MP: 7/7
  2421 | D:2      | Found a faded altar of an unknown god.
  4132 | D:6      | Reached skill level 1 in Translocations
  4132 | D:6      | Reached skill level 1 in Transmutations
  4150 | D:6      | Found a sand-covered staircase.
  4171 | Ossuary  | Entered an ossuary
  4186 | Ossuary  | Reached skill level 7 in Unarmed Combat
  4539 | Ossuary  | Reached XP level 9. HP: 77/84 MP: 8/8
  4586 | Ossuary  | Reached skill level 8 in Unarmed Combat
  5887 | D:7      | Found a staircase to the Ecumenical Temple.
  5901 | Temple   | Entered the Ecumenical Temple
  6449 | Temple   | Became a worshipper of Gozag Ym Sagoz the Greedy
  6802 | D:8      | Reached skill level 1 in Spellcasting
  7025 | D:8      | Found Urghitz's Fire Supplies.
  7088 | D:8      | Found Plog's Distillery.
  7097 | D:8      | Bought a potion of heal wounds for 70 gold pieces
  7097 | D:8      | Bought a potion of lignification for 42 gold pieces
  7127 | D:8      | Reached XP level 10. HP: 94/94 MP: 10/10
  7343 | D:8      | Reached skill level 9 in Unarmed Combat
  7625 | D:9      | Reached skill level 1 in Evocations
  7712 | D:9      | Noticed an eight-headed hydra
  7713 | D:9      | Reached skill level 5 in Fighting
  7717 | D:9      | HP: 1/96 [nine-headed hydra (4)]
  7717 | D:9      | Mangled by a nine-headed hydra

Illustrated notes

Levels and vault maps discovered:
D:1:      dpeg_arrival_castle, layout_loops_ring, serial_bayou_pond_a
D:2:      cheibrodos_old_hovel, layout_basic, hellmonk_ecumenical_altar_zigzags
D:3:      layout_basic, cheibrodos_sewer_entry_drain, serial_glass,
          glass_columns_b, glass_columns_b
D:4:      layout_loops_cross
D:5:      layout_rooms
D:6:      layout_rooms, nicolae_ossuary_entry_plus
D:7:      layout_loops_corners, minmay_temple_entry_drinking_statues
D:8:      layout_basic, serial_shops, shop, nicolae_shop_fire_sale
          [nicolae_sub_dead_trees], hangedman_decor_slide_cut, fountainhead
D:9:      minmay_the_grid_4x2 [minmay_the_grid_fan, minmay_the_grid_dragon_a,
          minmay_the_grid_eight, minmay_the_grid_box_x,
          minmay_the_grid_odd_star, minmay_the_grid_tiny_cups,
          minmay_the_grid_minigrid_small,
          minmay_the_grid_prize_shrinking_boxes], layout_loops_cross,
          lemuel_crystal_altar
Temple:   mainiacjoe_temple_starburst

Skill      XL: |  1  2  3  4  5  6  7  8  9 10 |
---------------+-------------------------------+-----
Dodging        | 2 3 4 |  4.4
Stealth        | 3 4 |  4.1
Fighting       | 3 4 5 |  5.0
Unarmed Combat | 3 4 6 7 8 9 |  9.1
Translocations | 2 4 |  4.4
Transmutations | 2 4 |  4.3
Spellcasting   | 1 |  1.6
Evocations     | 1 |  1.2

Action                   |  1- 3 |  4- 6 |  7- 9 | 10-12 || total
-------------------------+-------+-------+-------+-------++-------
Melee: Unarmed           |    14 |    83 |   511 |    68 ||   676
       Punch             |       |     1 |    22 |     3 ||    26
Evoke: Wand              |       |       |       |     1 ||     1
  Use: Scroll            |       |       |    15 |       ||    15
       Potion            |       |       |       |     1 ||     1
 Stab: Sleeping          |       |       |    17 |     1 ||    18
       Distracted        |       |       |     1 |     2 ||     3
Armor: Robe              |     3 |    22 |    96 |    11 ||   132
Dodge: Dodged            |     9 |    48 |   183 |    36 ||   276
Block: Other             |       |       |    50 |    16 ||    66
